 Dungeon Crawl Stone Soup version 0.17.0-27-g4a3f43e (console) character file.

155 gw the Cutter (level 5, 0/27 HPs)
             Began as a Vine Stalker Gladiator on Nov 21, 2015.
             Was a Follower of Qazlal.
             Slain by gw's ghost (5 damage)
             ... on level 3 of the Dungeon.
             The game lasted 00:02:13 (1563 turns).

gw the Cutter (Vine Stalker Gladiator)              Turns: 1563, Time: 00:02:13

Health: 0/27       AC:  7    Str: 16 (17) XL:     5   Next: 37%
Magic:  0/7        EV: 12    Int:  8      God:    Qazlal [*.....]
Gold:   121        SH:  1    Dex: 16      Spells: 0 memorised, 4 levels left

rFire  . . .     SeeInvis .     b - +5 rapier
rCold  . . .     Clarity  .     n - +0 ring mail
rNeg   . . .     SustAt   .     (no shield)
rPois  .         Gourm    .     c - +0 helmet
rElec  .         Spirit   +     m - +0 cloak
rCorr  .         Warding  .     (no gloves)
rMut   .         Stasis   .     (no boots)
MR     .....                    (no amulet)
Stlth  +.........               (no ring)
                                (no ring)

@: not resistant to hostile enchantments, very unstealthy
A: fangs 2, regeneration 1, magic shield, antimagic bite, no device heal 3, rot
immunity
a: Renounce Religion


You were on level 3 of the Dungeon.
You worshipped Qazlal.
Qazlal was aware of your devotion.
You were not hungry.

You visited 1 branch of the dungeon, and saw 3 of its levels.

You collected 121 gold pieces.

Inventory:

Hand Weapons
 b - a +5 rapier (weapon)
Missiles
 d - 4 throwing nets
 h - 58 stones
 o - 2 tomahawks of returning (quivered)
Armour
 c - a +0 helmet (worn)
 m - a +0 cloak (worn)
 n - a +0 ring mail (worn)
Scrolls
 k - 3 scrolls of remove curse
 p - 3 scrolls of recharging
 q - a scroll of identify
Potions
 f - 3 potions of brilliance
Comestibles
 e - 2 bread rations
 j - 2 meat rations


   Skills:
 + Level 2.5 Fighting
 + Level 3.6 Short Blades
 + Level 2.5 Throwing
 + Level 2.7 Dodging
 * Level 2.2 Invocations


You had 4 spell levels left.
You didn't know any spells.

Dungeon Overview and Level Annotations

Branches:
Dungeon (3/15)

Altars:
Qazlal
Trog

Annotations:
D:3 gw's ghost, amateur FoHu


Innate Abilities, Weirdness & Mutations

You have extremely sharp teeth.
Your natural rate of healing is unusually fast.
When hurt, damage is shared between your health and your magic reserves.
Your bite disrupts and absorbs the magic of your enemies.
Potions and wands cannot restore your health.
You are immune to rotting.


Message History

You barely miss the hobgoblin. The hobgoblin closely misses you.
FLEEEEING!
ATTACKING (0,-1)
You completely miss the hobgoblin. You block the hobgoblin's attack.
FLEEEEING!
ATTACKING (0,-1)
You puncture the hobgoblin!
You kill the hobgoblin!
Qazlal accepts your kill.
FLEEEEING!
ATTACKING (0,-1)
You hit gw's ghost but do no damage. Your bite misses gw's ghost.
Gw's ghost is moderately damaged.
Gw's ghost hits you!
FLEEEEING!
ATTACKING (0,-1)
You hit gw's ghost. You bite gw's ghost, but do no damage.
Gw's ghost is moderately damaged.
Gw's ghost hits you.
You die...

.###........###).###..#.....
...#......#.....>...........
#..# #.........##......#...
...#..<#........####.....
#.#.....#......####.....
#.........######........
###...#g................
#...#W########.#######
##.##f#........#
####.#.######## #....#
#.....#### ....## ...# ..#
.#


You could see gw's ghost and a goblin.

Table legend:
 A = Turns spent in this place as a percentage of turns spent in the entire game.
 B = Non-inter-level travel turns spent in this place as a percentage of non-inter-level travel turns spent in the entire game.
 C = Inter-level travel turns spent in this place as a percentage of turns spent in this place.
 D = Turns resting spent in this place as a percentage of non-inter-level travel turns spent in this place.
 E = Turns spent auto-exploring this place as a percentage of non-inter-level travel turns spent in this place.
 F = Non-inter-level travel turns spent in this place divided by the number of levels of this place that you've seen.
                   A       B       C       D       E      F
               +-------+-------+-------+-------+-------+----------------------
         Total | 100.0 | 100.0 |   0.2 |   0.6 |   2.5 | 1247.7
       Dungeon | 100.0 | 100.0 |   0.2 |   0.6 |   2.5 | 1247.7
               +-------+-------+-------+-------+-------+----------------------

Table legend:
 A = Kills in this place as a percentage of kills in entire the game.
 B = Kills by you in this place as a percentage of kills by you in the entire game.
 C = Kills by friends in this place as a percentage of kills by friends in the entire game.
 D = Other kills in this place as a percentage of other kills in the entire game.
 E = Experience gained in this place as a percentage of experience gained in the entire game.
 F = Experience gained in this place divided by the number of levels of this place that you have seen.
                   A       B       C       D       E      F
               +-------+-------+-------+-------+-------+----------------------
         Total | 100.0 | 100.0 |  -nan |  -nan | 100.0 |  74.0
       Dungeon | 100.0 | 100.0 |  -nan |  -nan | 100.0 |  74.0
               +-------+-------+-------+-------+-------+----------------------

Vanquished Creatures
  An orc wizard (D:3)
  Jessica (D:2)
  A hound zombie (D:3)
  2 adders
  An ooze (D:3)
  2 worms (D:2)
  6 giant geckos
  5 orcs (D:3)
  2 ball pythons
  3 giant cockroaches
  9 goblins
  5 hobgoblins
  4 kobolds
  2 quokkas (D:3)
  2 bats (D:1)
  3 giant newts
  2 rats
51 creatures vanquished.

Notes
Turn   | Place    | Note
--------------------------------------------------------------
     0 | D:1      | gw the Vine Stalker Gladiator began the quest for the Orb.
     0 | D:1      | Reached XP level 1. HP: 11/11 MP: 2/2
   120 | D:1      | Reached skill level 3 in Short Blades
   120 | D:1      | Reached XP level 2. HP: 15/15 MP: 3/3
   701 | D:2      | Found a stormy altar of Qazlal.
   710 | D:2      | Became a worshipper of Qazlal Stormbringer
   801 | D:2      | Reached XP level 3. HP: 18/18 MP: 4/4
   917 | D:2      | Noticed Jessica
   925 | D:2      | Killed Jessica
  1019 | D:2      | Reached skill level 1 in Invocations
  1019 | D:2      | Reached XP level 4. HP: 23/23 MP: 5/5
  1324 | D:3      | Reached XP level 5. HP: 18/27 MP: 7/7
  1356 | D:3      | Reached * piety under Qazlal
  1453 | D:3      | Found a bloodstained altar of Trog.
  1519 | D:3      | Noticed gw's ghost (amateur FoHu)
  1563 | D:3      | Slain by gw's ghost

Action                   |  1- 3 |  4- 6 || total
-------------------------+-------+-------++-------
Melee: Rapier            |    69 |    39 ||   108
Throw: Stone             |    33 |     1 ||    34
       Tomahawk          |     7 |    33 ||    40
  Use: Scroll            |     4 |     3 ||     7
       Potion            |     1 |     3 ||     4
 Stab: Sleeping          |     1 |       ||     1
  Eat: Chunk             |       |     2 ||     2

Vault maps used:
D:1:      tarquinn_simple_flora_water_e, supply_closet_lemuel
D:2:      grunt_qazlal_sundering, uniq_jessica
D:3:      first_bread, trog_butcher_becter
